 Dungeon Crawl Stone Soup version 0.22.0-38-g04b72b8 (webtiles) character file.

39 Lew the Ducker (level 3, -5/26 HPs)
             Began as an Octopode Fighter on Aug 30, 2018.
             Killed from afar by Sigmund (7 damage)
             ... with a magic dart
             ... on level 2 of the Dungeon.
             The game lasted 00:01:53 (603 turns).

Lew the Ducker (Octopode Fighter)                    Turns: 603, Time: 00:01:54

Health: -5/26      AC:  1    Str: 16    XL:     3   Next: 45%
Magic:  3/3        EV: 11    Int: 10    God:
Gold:   50         SH:  0    Dex: 11    Spells: 2/2 levels left

rFire    . . .     SeeInvis .   a - +0 war axe
rCold    . . .     Gourm    .   b - +0 shield
rNeg     . . .     Faith    .   (helmet restricted)
rPois    .         Spirit   .   (no amulet)
rElec    .         Reflect  .   (no ring)
rCorr    .         Harm     .   (no ring)
MR       .....                  (no ring)
Stlth    ++........             (no ring)
HPRegen  0.08/turn              (no ring)
MPRegen  0.08/turn              (no ring)
                                (no ring)
                                (no ring)

@: confused
A: almost no armour, stealthy swim, amphibious, 8 rings, constrict 8, camouflage
1, gelatinous body 1
a: no special abilities


You were on level 2 of the Dungeon.
You were not hungry.

You visited 1 branch of the dungeon, and saw 2 of its levels.

You collected 50 gold pieces.

Inventory:

Hand Weapons
 a - a +0 war axe (weapon)
Armour
 b - a +0 shield (worn)
Jewellery
 m - an uncursed ring of protection from cold {unknown}
Scrolls
 e - a scroll of enchant weapon {unknown}
 g - a scroll of teleportation {unknown}
 h - 2 scrolls of identify {unknown}
 i - a scroll of fog {unknown}
 j - a scroll of immolation {unknown}
 l - a scroll of fear {unknown}
 n - a scroll of magic mapping {unknown}
Potions
 c - 2 potions of might
 f - a potion of lignification {unknown}
 k - a potion of mutation {unknown}
 o - a potion of brilliance {unknown}
Comestibles
 d - 2 rations


   Skills:
 + Level 3.3 Fighting
 + Level 2.4 Axes
 + Level 3.3 Dodging
 + Level 1.7 Stealth
 + Level 3.3 Shields


You had 2 spell levels left.
You didn't know any spells.
Your spell library was empty.

Dungeon Overview and Level Annotations

Branches:
Dungeon (2/15)

Altars:

Annotations:
D:2 Sigmund


Innate Abilities, Weirdness & Mutations

You cannot wear most types of armour.
You are very stealthy in the water. (Stealth+)
You are amphibious.
You can wear up to eight rings at the same time.
You can use your tentacles to constrict eight enemies at once.
Your skin changes colour to match your surroundings (Stealth+).
Your rubbery body absorbs attacks. (AC +1, EV +1)


Message History

Sigmund flickers and vanishes!
Deactivating autopickup; reactivate with Ctrl-A.
You barely miss something. You squeeze something. You constrict something.
You hear some strange, mumbled words.
A puff of flame appears from out of thin air!
The puff of flame hits you!
You hit something. You constrict something. Something hits you.
You hit something. You constrict something.
You hear some strange, mumbled words.
You are confused.
Something hits you but does no damage.
You release your grip on something.
You bump into the rock wall.
Something hits you!
* * * LOW HITPOINT WARNING * * *
A puff of flame appears from out of thin air!
The puff of flame misses you.
You're too confused to move!
A magic dart appears from out of thin air!
The magic dart hits you!
You die...

#............#..# #
#.#.#.########..#
#.#.#†# ........#
#.##.#.#.###########.#
#.....†......# #.#
##...........#######.#
#...................#
.......[.....#########
.##.####@########
................
..##.###.#######. ..
#.{.....# #<...#.###.#
#.#..#.# # #..#.#
##.#.# ....#


There were no monsters in sight!

Vanquished Creatures
  An adder (D:2)
  A dart slug (D:1)
  A ball python (D:1)
  4 goblins (D:1)
  4 hobgoblins (D:1)
  4 jackals (D:1)
  4 kobolds (D:1)
  3 bats
  A frilled lizard (D:1)
  2 rats (D:1)
25 creatures vanquished.

Notes
Turn   | Place    | Note
-------+----------+-------------------------------------------
     0 | D:1      | Lew the Octopode Fighter began the quest for the Orb.
     0 | D:1      | Reached XP level 1. HP: 16/16 MP: 1/1
   115 | D:1      | Reached XP level 2. HP: 14/21 MP: 2/2
   125 | D:1      | Reached skill level 1 in Stealth
   295 | D:1      | Reached XP level 3. HP: 19/26 MP: 3/3
   592 | D:2      | Noticed Sigmund
   603 | D:2      | Killed from afar by Sigmund

Skill      XL: |  1  2 |
---------------+-------+-----
Stealth        | 1 |  1.7
Fighting       | |  3.3
Axes           | |  2.4
Dodging        | |  3.3
Shields        | |  3.3

Action                   || total
-------------------------++-------
Melee: War axe           ||    43
       Constrict         ||    11
       Tentacles         ||     7
 Stab: Sleeping          ||    10
Armor: Skin              ||     4
Dodge: Dodged            ||    22
Block: Shield            ||    13
